 Dungeon Crawl Stone Soup version 0.30-a0-322-g102857c98e (webtiles) character file.

Game seed: 8073057491503296273

50 lunkers the Cutter (level 4, -18/38 HPs)
             Began as a Meteoran Fighter on Oct 27, 2022.
             Demolished by an ogre
             ... wielding a +6 great mace
              (21 damage)
             ... on level 3 of the Dungeon.
             The game lasted 00:01:24 (612 turns).

lunkers the Cutter (Meteoran Fighter)                Turns: 612, Time: 00:01:24

Health: -18/38     AC:  6    Str: 18    XL:     4   Next: 24%
Magic:  5/5        EV:  9    Int:  9    God:
Gold:   41         SH:  5    Dex: 15    Spells: 3/3 levels left

rFire   . . .      SeeInvis .    h - +0 short sword (venom)
rCold   . . .      Faith    .    c - +0 buckler
rNeg    . . .      Spirit   .    b - +0 scale mail
rPois   .          Reflect  .    (no helmet)
rElec   .          Harm     .    (no cloak)
rCorr   .          Rampage  .    (no gloves)
Will    .....                    (no boots)
Stlth   ..........               (no amulet)
HPRegen 0.26/turn                f - ring of wizardry
MPRegen 0.09/turn                (no ring)

@: mighty, glowing
A: sense surroundings 1, otherworldly, glowing, explore regen
a: no special abilities


You were on level 3 of the Dungeon.
You visited 1 branch of the dungeon, and saw 3 of its levels.

You collected 41 gold pieces.

Inventory:

Hand Weapons
 a - a +0 rapier
 h - a +0 short sword of venom (weapon)
Armour
 b - a +0 scale mail (worn)
 c - a +0 buckler (worn)
Jewellery
 f - a ring of wizardry (left hand)
 k - an amulet of magic regeneration
Scrolls
 e - a scroll of identify {unknown}
 g - a scroll of vulnerability {unknown}
 l - a scroll of silence {unknown}
Potions
 i - a potion of mutation {unknown}
 j - 2 potions of cancellation {unknown}
 m - a potion of curing {unknown}


   Skills:
 - Level 3.2 Fighting
 + Level 4.4 Short Blades
 - Level 3.6 Armour
 - Level 3.6 Shields


You had 3 spell levels left.
You didn't know any spells.
Your spell library contained the following spells:

 Spells                   Type           Power      Damage    Failure   Level
 Conjure Ball Lightning   Conj/Air       0%         3x3d6     100%        6
 Discord                  Hex            0%         N/A       100%        8
 Disjunction              Tloc           0%         N/A       100%        8


Dungeon Overview and Level Annotations

Branches:
Dungeon (3/15) Zot: 1194

Altars:

Annotations:
D:3 1 transporter, bande's ghost, weakling GnWn


Innate Abilities, Weirdness & Mutations

You passively map a small area around you.
You are easily found by Zot.
You glow in the dark.
You regain HP and MP as you explore.


Message History

You now have 41 gold pieces (gained 5).
Press: ? - help, v - describe, . - travel
Here: an ogre, wielding a +0 giant club (fire blocked by a translucent stone wall)
The floor.
There is a transporter landing site here.
Found a stone.
There is a transporter here.
Bande's ghost wails, "They lied to you.
The Dungeon just goes down and down forever."
There is a transporter here.
You enter the transporter and appear at another place.
You feel very mighty all of a sudden.
You hit bande's ghost but do no damage. You block bande's ghost's attack.
The ogre attacks as you move away! You block the ogre's attack.
There is a transporter landing site here.
You hit bande's ghost.
Bande's ghost is lightly damaged.
Bande's ghost hits you!
You hit bande's ghost.
Bande's ghost is lightly damaged.
Bande's ghost hits you.
You completely miss bande's ghost.
Bande's ghost is lightly damaged.
Bande's ghost hits you but does no damage.
Bande's ghost attacks as you move away! You block bande's ghost's attack.
You see here a stone.
You hit the ogre.
The ogre is lightly wounded.
Bande's ghost misses you.
The ogre hits you with a +6 great mace!!
Ouch! That really hurt!
* * * LOW HITPOINT WARNING * * *
You puncture the ogre!
The ogre is heavily wounded.
Bande's ghost hits you!
* * * LOW HITPOINT WARNING * * *
You puncture the ogre!
The ogre is poisoned.
The ogre is almost dead.
The ogre hits you with a +6 great mace!!
Ouch! That really hurt!
You die...

, .....#.##.....###..........##
, #..#.##.........########.#
,*#...........##......# #.# ,
##.#.##.....##.####.# #.# ,
#†.##########.# #.####.## *
#..#......# #.# #........ .##,
#..#.#..#.#*#.# #####..##
....###..#..##..# ..# #.##
.........#..##O@# ### ##.##
..####..©#.#[.#W# ##.#.## , *
#...#$....O# ##.###<# *
##.©#$#..#.# #.## ##. * *
#..#..##..##########.###.#
.#####..#..##..#...........#.##
........#.#..#.############.##
.#####..#O.."..# #.# *
#..######## #.#


You could see 2 ogres and bande's ghost.

Vanquished Creatures
  3 adders (D:2)
  A worm (D:2)
  3 ball pythons (D:2)
  2 endoplasms (D:1)
  A giant cockroach (D:3)
  A goblin (D:2)
  2 jackals (D:2)
  A quokka (D:2)
  3 frilled lizards
  2 kobolds (D:2)
  2 rats
21 creatures vanquished.

Notes
Turn   | Place    | Note
-------+----------+-------------------------------------------
     0 | D:1      | lunkers the Meteoran Fighter began the quest for the Orb.
     0 | D:1      | Reached XP level 1. HP: 19/19 MP: 2/2
   222 | D:2      | Reached XP level 2. HP: 26/26 MP: 3/3
   275 | D:2      | Reached skill level 3 in Short Blades
   306 | D:2      | Reached XP level 3. HP: 30/31 MP: 4/4
   411 | D:2      | Reached skill level 4 in Short Blades
   426 | D:2      | Reached XP level 4. HP: 23/38 MP: 5/5
   578 | D:3      | Noticed bande's ghost (weakling GnWn)
   580 | D:3      | Noticed an ogre
   581 | D:3      | Found a transporter.
   583 | D:3      | Noticed an ogre
   585 | D:3      | Found a transporter.
   612 | D:3      | Demolished by an ogre

Illustrated notes

Levels and vault maps discovered:
D:1:      minmay_arrival_arboretum_large, layout_basic
D:2:      layout_basic, serial_shops, nicolae_shop_advertising_works
          [nicolae_subvault_shop_adworks], kennysheep_generic_room_9
D:3:      layout_loops_ring, lemuel_coloured_pillars_altar,
          gammafunk_ghost_smash

Skill      XL: |  1  2  3 |
---------------+----------+-----
Short Blades   | 3 4 |  4.4
Fighting       | |  3.2
Armour         | |  3.6
Shields        | |  3.6

Action                   |  1- 3 |  4- 6 || total
-------------------------+-------+-------++-------
Melee: Rapier            |    26 |       ||    26
       Short sword       |    43 |    16 ||    59
  Use: Potion            |       |     1 ||     1
Armor: Scale mail        |    28 |     5 ||    33
Dodge: Dodged            |    14 |     4 ||    18
Block: Buckler           |    13 |     3 ||    16

Table legend: (Time is in decaauts)
 A = Elapsed time spent in this place.
 B = Non-inter-level travel time spent in this place.
 C = Inter-level travel time spent in this place.
 D = Time resting spent in this place.
 E = Time spent auto-exploring this place.
 F = Levels seen in this place.
 G = Mean time per level.
                   A        B        C        D        E       F      G
               +--------+--------+--------+--------+--------+-----+--------+
         Total |    605 |    594 |     11 |      0 |    381 |   3 |  201.7 |
       Dungeon |    605 |    594 |     11 |      0 |    381 |   3 |  201.7 |
               +--------+--------+--------+--------+--------+-----+--------+

Top non-repeatable levels by time:
     D:2: 249 daAuts
     D:1: 236 daAuts
     D:3: 119 daAuts
